[Event "*** SCC Grand Prix: Titled Tuesday Blitz"]
[Site "Chess.com"]
[Date "2020.09.08"]
[Round "5"]
[White "Koksik_13"]
[Black "Jospem"]
[Result "1-0"]
[WhiteElo "2653"]
[BlackElo "2911"]
[TimeControl "180+1"]
[EndTime "10:57:07 PDT"]
[Termination "Koksik_13 won by resignation"]

1. d4 Nf6 2. Nc3 d5 3. Bf4 Bf5 4. e3 e6 5. f3 h6 6. g4 Bh7 7. Bd3 Bxd3 8. cxd3 Bd6 9. h4 Bxf4 10. exf4 Nc6 11.
Nge2 Qd6 12. Qd2 a6 13. h5 Nd7 14. O-O-O O-O-O 15. Kb1 Nb6 16. Rc1 Kb8 17. a3 Rhe8 18.
Rc2 f6 19. Rhc1 e5 20. dxe5 fxe5 21. Na2 d4 22. Rxc6 bxc6 23. Nb4 Kb7 24. Nxc6 exf4 25.
Nexd4 Rd7 26. Qa5 Qd5 27. Rc5 Re1+ 28. Kc2 Qd6 29. Nb4 Kc8 30. Ndc6 Rde7 31. Qxa6+ Kd7 32.
Qb5 R7e2+ 33. Kb3 Qe6+ 34. Rd5+ Nxd5 35. Nd4+ c6 36. Qb7+ Nc7+ 37. Nxe6 Rxe6 38. Na6 R1e5 39. Qxc7+ Ke8 40. Nb4 c5 41. Nc6 Re3 42. Qc8+ Kf7 43. Nd8+ Kf6 44. Nxe6 1-0

[Event "*** SCC Grand Prix: Titled Tuesday Blitz"]
[Site "Chess.com"]
[Date "2020.09.08"]
[Round "5"]
[White "ehrenfeld"]
[Black "j_coca"]
[Result "1-0"]
[WhiteElo "2560"]
[BlackElo "2329"]
[TimeControl "180+1"]
[EndTime "10:57:07 PDT"]
[Termination "ehrenfeld won on time"]

1. e4 Nf6 2. Nc3 d5 3. e5 d4 4. exf6 dxc3 5. fxg7 cxd2+ 6. Qxd2 Qxd2+ 7. Bxd2 Bxg7 8.
O-O-O Nc6 9. Nf3 Bd7 10. Bc4 e6 11. Rhe1 O-O-O 12. Bf4 h5 13. h4 Bh6 14. Bxh6 Rxh6 15. Ng5 Rf6 16. f3 Rf4 17. Re4 Rxe4 18. Nxe4 Be8 19.
Rxd8+ Kxd8 20. Nf6 Ne5 21. Be2 Ke7 22. Nxh5 Ng6 23.
g3 Bc6 24. Kd2 e5 25. Ke3 f5 26. f4 Ke6 27. fxe5 Kxe5 28. Nf4 Nh8 29. Bc4 Be8 30.
Bb3 b6 31. h5 Kf6 32. Nd5+ Ke5 33. Nf4 c5 34. c3 Kf6 35. Bd5 Kg5 36. Bf3 Nf7 37.
Ne6+ Kf6 38. Nc7 Bd7 39. Kf4 Nd8 40. Nd5+ Ke6 41. h6 Nf7 42. h7 Nh8 43. Ne3 Kf6 44.
Bd5 Ng6+ 45. Kf3 Ne5+ 46. Ke2 Kg7 47. Bg8 Ng6 48. Nd5 Nf8 49. Ke3 Bc6 50. Ne7 Be4 51.
Kf4 1-0

[Event "*** SCC Grand Prix: Titled Tuesday Blitz"]
[Site "Chess.com"]
[Date "2020.09.08"]
[Round "5"]
[White "Konek-Gorbunok"]
[Black "SilviusTiberius"]
[Result "1-0"]
[WhiteElo "2335"]
[BlackElo "2465"]
[TimeControl "180+1"]
[EndTime "10:57:07 PDT"]
[Termination "Konek-Gorbunok won on time"]

1. d4 Nf6 2. Nf3 g6 3. c4 Bg7 4. Nc3 O-O 5. e4 d6 6. Be2 e5 7. dxe5 dxe5 8. Qxd8 Rxd8 9. Bg5 Na6 10. Nd5 Rd6 11. Nxf6+ Bxf6 12. Bxf6 Rxf6 13. O-O-O Bg4 14. h3 Bxf3 15. Bxf3 Rc6 16. b3 Nc5 17. Rd5 Re8 18. Rhd1 a5 19. Kb2 Kf8 20. Rd8 Rxd8 21. Rxd8+ Ke7 22.
Ra8 b6 23. Kc3 Rd6 24. Rc8 Rd7 25. Kc2 h5 26. g4 h4 27. g5 Nd3 28. Bg4 Nb4+ 29. Kc1 Nxa2+ 30. Kc2 Nb4+ 31. Kc1 Rd3 32. Rxc7+ Kf8 33. Rc8+ Kg7 34. Rc7 Rxb3 35. Be6 Rc3+ 36. Kd2 Rc2+ 37. Ke1 Nd3+ 38. Kd1 Rxf2 39. Bd5 a4 40.
Ra7 Kf8 41. Rxa4 Nb2+ 42. Ke1 1-0

[Event "*** SCC Grand Prix: Titled Tuesday Blitz"]
[Site "Chess.com"]
[Date "2020.09.08"]
[Round "5"]
[White "annamaja"]
[Black "SharapovEvgeny"]
[Result "1-0"]
[WhiteElo "2298"]
[BlackElo "2472"]
[TimeControl "180+1"]
[EndTime "10:57:09 PDT"]
[Termination "annamaja won by resignation"]

1. e4 c5 2. Nf3 d6 3. d4 cxd4 4. Nxd4 Nf6 5. Nc3 Nc6 6. Be2 e5 7. Nb3 Be7 8. O-O O-O 9. Kh1 a5 10. a4 Nb4 11. f4 Bd7 12. Bb5 Bc6 13. Qe2 Qc7 14. f5 d5 15. exd5 Nfxd5 16. Ne4 Bxb5 17. Qxb5 Qxc2 18. Nbd2 Qc6 19. Qe2 Nc2 20. Rb1 Nd4 21. Qf2 Qxa4 22. Qg3 Bf6 23. b3 Qc6 24. Bb2 Ne2 25.
Qf3 Nd4 26. Qg3 Rfe8 27. Rbc1 Qd7 28. Rc5 Kh8 29. Nc4 Rad8 30. Ncd6 Rf8 31. Rxd5 Ne2 32. Qf2 Nf4 33. Rd2 a4 34. Nxf6 gxf6 35. Nc4 Qb5 36. Rxd8 Rxd8 37. Qh4 Qc6 38. Qg3 Rg8 39. Qf3 Nxg2 40.
Qxc6 bxc6 41. bxa4 Nf4 42. Rg1 Rxg1+ 43. Kxg1 Nd5 44. a5 Kg8 45. a6 Nc7 46. a7 Na8 47. Ba3 Kg7 48. Be7 e4 49. Kf2 1-0

[Event "*** SCC Grand Prix: Titled Tuesday Blitz"]
[Site "Chess.com"]
[Date "2020.09.08"]
[Round "5"]
[White "Gloomy_Wanderer"]
[Black "maximnovik"]
[Result "1-0"]
[WhiteElo "2741"]
[BlackElo "2512"]
[TimeControl "180+1"]
[EndTime "10:57:10 PDT"]
[Termination "Gloomy_Wanderer won on time"]

1. d4 Nf6 2. Nf3 g6 3. c4 Bg7 4.
g3 O-O 5. Bg2 d6 6. O-O Nbd7 7.
Nc3 e5 8. e4 c6 9. h3 exd4 10.
Nxd4 Qb6 11. Re1 Ng4 12. Nce2 Nge5 13. b3 Nc5 14. Be3 a5 15. Rb1 Re8 16. Rf1 Qc7 17. Qc2 Ned7 18. Rbd1 a4 19. b4 Ne6 20. a3 h6 21.
Rfe1 Nf6 22. Nc3 Ng5 23. Kh2 Qe7 24. f4 Ne6 25. Nf3 Nf8 26. Bg1 Qc7 27. Nxa4 Nxe4 28.
Nb6 Rxa3 29. Nxc8 Rc3 30. Qb1 Rxc4 31. Rxe4 Rcxe4 32. Nxd6 R4e6 33. Nxe8 Rxe8 34. Qb3 Ne6 35. b5 cxb5 36. Qxb5 Ra8 37. Rd2 Ra3 38. Ne5 Kh7 39.
Qxb7 Qc3 40. Rd3 Qa1 41. Rxa3 Qxa3 42. Qxf7 Nf8 43. Qd5 Qb2 44. Nf3 Qc2 45. Qd2 Qc4 46. Qf2 Ne6 47. Bf1 Qb3 48. Qe3 h5 49. Qxb3 1-0

[Event "*** SCC Grand Prix: Titled Tuesday Blitz"]
[Site "Chess.com"]
[Date "2020.09.08"]
[Round "5"]
[White "omer1997"]
[Black "GothamChess"]
[Result "1-0"]
[WhiteElo "2405"]
[BlackElo "2563"]
[TimeControl "180+1"]
[EndTime "10:57:10 PDT"]
[Termination "omer1997 won by resignation"]

1. e4 c6 2. d4 d5 3. e5 Bf5 4.
h4 Qb6 5. Nc3 h5 6. Bd3 Bxd3 7.
Qxd3 e6 8. Bd2 Qa6 9. Qxa6 Nxa6 10.
Nf3 c5 11. Nb5 Kd7 12. O-O cxd4 13. Nfxd4 Bc5 14. Rac1 Rc8 15. Be3 Ne7 16. Rfd1 Bxd4 17. Bxd4 Nf5 18. Nxa7 Rc4 19. Nb5 Rb4 20. c4 Rc8 21. b3 Nxd4 22. Nxd4 Nc7 23. a3 Rb6 24. c5 Ra6 25. a4 Ra5 26. c6+ bxc6 27. Nxc6 Ra6 28. Nd4 Rb6 29. Kf1 Rcb8 30. Ke2 Na6 31. Nb5 R8b7 32. Rc3 Nb4 33. Rdc1 Na2 34. Rc7+ Kd8 35.
Rc8+ Kd7 36. R1c7+ Rxc7 37. Rxc7+ Ke8 38. Kd3 Nb4+ 39.
Kc3 Na6 40. Ra7 Nc5 41. Nd6+ Kf8 42. b4 Ne4+ 43. Kb3 Nxd6 44. exd6 Rxd6 45. a5 d4 46.
Kc2 Rd5 47. Rb7 d3+ 48. Kd2 Rd6 49. b5 Rd4 50. a6 Ra4 51. a7 g6 52. Rb8+ Kg7 53.
a8=Q Rd4 54. Rd8 Kf6 55. Rxd4 1-0

[Event "*** SCC Grand Prix: Titled Tuesday Blitz"]
[Site "Chess.com"]
[Date "2020.09.08"]
[Round "5"]
[White "TigrVShlyape"]
[Black "UCantHandleDenker"]
[Result "1/2-1/2"]
[WhiteElo "2807"]
[BlackElo "2603"]
[TimeControl "180+1"]
[EndTime "10:57:11 PDT"]
[Termination "Game drawn - insufficient material"]

1. d4 Nf6 2. Nf3 g6 3. c3 Bg7 4. Bg5 O-O 5. Nbd2 d6 6. e4 c5 7. d5 h6 8. Bh4 e6 9. dxe6 Bxe6 10. Bd3 Nc6 11. O-O Re8 12. Re1 Qc7 13. Qc2 Rad8 14. Bc4 Bxc4 15. Nxc4 b5 16. Bxf6 Bxf6 17. Ne3 Ne7 18.
a4 a6 19. axb5 axb5 20. Rad1 Bg7 21. h4 h5 22. Ng5 Bf6 23. Qb3 Bxg5 24. hxg5 Qb7 25.
Nd5 Nxd5 26. Qxd5 Qxd5 27. Rxd5 Re5 28. Red1 Rxe4 29. Kf1 Rg4 30. Rxc5 b4 31. Rcd5 bxc3 32. bxc3 Rc8 33. R1d3 Rc6 34. f3 Rgc4 35. Rxd6 R6c5 36.
R6d5 Rxc3 37. Rxc5 Rxc5 38. f4 Rc4 39. g3 h4 40. Kg2 Kg7 41. Kh3 hxg3 42. Kxg3 Rb4 43. Re3 Rb2 44. Rd3 Rb1 45. Re3 Rg1+ 46. Kf2 Rd1 47. Kf3 Rd2 48. Kg3 Rd7 49. Kf3 f6 50. gxf6+ Kxf6 51. Ra3 Rd6 52. Kg4 Rb6 53. Ra5 Rc6 54. Rd5 Rb6 55. Rc5 Ra6 56. Rb5 Rc6 57.
Ra5 Rb6 58. Rc5 Ra6 59. Rb5 Rd6 60. Rc5 Rb6 61. Rd5 Ra6 62. Rc5 Re6 63. Rd5 Re7 64. Rd6+ Re6 65. Rxe6+ Kxe6 66. Kg5 Kf7 67. f5 gxf5 68.
Kxf5 1/2-1/2

[Event "*** SCC Grand Prix: Titled Tuesday Blitz"]
[Site "Chess.com"]
[Date "2020.09.08"]
[Round "5"]
[White "TudorAnton"]
[Black "Bulldog167"]
[Result "1/2-1/2"]
[WhiteElo "2568"]
[BlackElo "2835"]
[TimeControl "180+1"]
[EndTime "10:57:11 PDT"]
[Termination "Game drawn - insufficient material"]

1. e4 e6 2. d4 d5 3. Nc3 Bb4 4. exd5 exd5 5. Bd3 Nc6 6. Ne2 Nge7 7. O-O O-O 8. Bf4 Bf5 9. Bxf5 Nxf5 10. Qd3 Qd7 11.
Qh3 Bxc3 12. Nxc3 Rad8 13. Rad1 Nfxd4 14. Qd3 Ne6 15. Nxd5 Qxd5 16. Qxd5 Rxd5 17. Rxd5 Nxf4 18. Rd7 Ne6 19. c3 Rd8 20. Rfd1 Rxd7 21. Rxd7 Kf8 22. g3 Ke8 23. Rd2 Ke7 24. f4 f5 25. Kf2 g6 26.
Ke3 Ncd8 27. Rd1 Nf7 28. b4 Nd6 29. Rc1 b5 30. Rh1 a6 31. Kd3 Ne4 32. Ra1 Nd6 33. a4 Kd7 34. axb5 axb5 35. Ra8 Nd8 36. Ra7 Ne4 37. Ra8 Nf2+ 38. Kc2 Ng4 39. Rb8 Nxh2 40. Rxb5 c6 41. Ra5 Nf1 42. Ra7+ Ke6 43. Rxh7 Nxg3 44.
Rg7 Kf6 45. Rd7 Ne6 46. Rd6 Ne2 47.
Kd2 Nxf4 48. Rxc6 g5 49. b5 g4 50. b6 g3 51. b7 g2 52. b8=Q g1=Q 53. Qh8+ Qg7 54.
Qxg7+ Kxg7 55. Ra6 Kf6 56. c4 Ke5 57. Ra5+ Ke4 58. c5 Nd4 59. Ra4 Kd5 60. Ke3 Nfe6 61. Ra8 Nc6 62. Re8 f4+ 63. Kf2 Ned4 64. Rf8 Ke4 65. Kg2 f3+ 66. Kf2 Ne5 67. c6 Nd3+ 68. Kf1 Nxc6 69. Rxf3 Kxf3 1/2-1/2

[Event "*** SCC Grand Prix: Titled Tuesday Blitz"]
[Site "Chess.com"]
[Date "2020.09.08"]
[Round "5"]
[White "wadsy27"]
[Black "Hard_Utilizator"]
[Result "1-0"]
[WhiteElo "2558"]
[BlackElo "2373"]
[TimeControl "180+1"]
[EndTime "10:57:12 PDT"]
[Termination "wadsy27 won on time"]

1. Nf3 Nf6 2. g3 d5 3. Bg2 e6 4.
c4 Be7 5. O-O O-O 6. b3 c5 7.
Bb2 d4 8. e3 Nc6 9. exd4 Nxd4 10.
Nxd4 cxd4 11. Re1 a5 12. Na3 Bc5 13. d3 Re8 14. Nc2 e5 15. Qd2 Qd6 16. a3 Bf5 17. b4 Ba7 18. c5 Qc7 19. Rac1 Rad8 20. Na1 axb4 21. axb4 Nd5 22. Nb3 Be6 23. Ra1 b6 24. Rec1 bxc5 25. Nxc5 Bxc5 26. Rxc5 Qb6 27. Bxd5 Bxd5 28.
Raa5 Qe6 29. Qe2 f6 30. Ba3 Rd7 31. b5 Ba8 32. Ra6 Qh3 33. Qf1 Qxf1+ 34. Kxf1 h5 35. b6 Kh7 36. Rc7 Rxc7 37. bxc7 Rc8 38. Bd6 Bd5 39.
Rb6 Be6 40. Bxe5 fxe5 41. Rxe6 Rxc7 42. Rxe5 Rc3 43. Rxh5+ Kg6 44. Rd5 Rxd3 45. Ke2 Ra3 46. Rd6+ Kf5 47. Rxd4 Ra2+ 48. Kf1 Ra7 49. Kg2 g5 50.
Rd5+ Kg4 51. h3+ Kh5 52. Rd6 Ra4 53. g4+ 1-0

[Event "*** SCC Grand Prix: Titled Tuesday Blitz"]
[Site "Chess.com"]
[Date "2020.09.08"]
[Round "5"]
[White "gmpeter008"]
[Black "Artem_Sadovsky"]
[Result "0-1"]
[WhiteElo "2352"]
[BlackElo "2525"]
[TimeControl "180+1"]
[EndTime "10:57:12 PDT"]
[Termination "Artem_Sadovsky won by resignation"]

1. e4 g6 2. d4 Bg7 3. Nc3 c6 4. Be3 d5 5. Nf3 Bg4 6. Be2 dxe4 7. Nxe4 Nd7 8. Nfg5 Bxe2 9. Qxe2 Ngf6 10. Nxf7 Kxf7 11. Ng5+ Kg8 12. d5 Qa5+ 13. b4 Qxb4+ 14. Bd2 Qg4 15. f3 Qf5 16. dxc6 Qe5 17. cxd7 Qxa1+ 18.
Kf2 Qd4+ 19. Be3 Qxd7 20. Rd1 Qc6 21. Qd3 h6 22. Qb3+ e6 23. Nxe6 Kh7 24. Bd4 Qd5 25.
Qxd5 Nxd5 26. Nxg7 Rhc8 27. Ne6 Rxc2+ 28. Kg3 Re8 29.
Nc5 Ree2 30. Kh3 Rxg2 31. Be5 g5 32. Rxd5 Kg6 33. Ne4 Kf7 34. Bg3 h5 35. Rd7+ Ke6 36.
Rxb7 h4 37. Bd6 Kd5 38. Re7 Kd4 39. Re5 g4+ 40. Kxh4 Rg1 41. Re8 gxf3 42. Be5+ Kxe4 43. Bg3+ Kd3 44. Rd8+ Ke2 45. Re8+ Kf1 46. Re1+ Kg2 47. Re3 f2 48. Bxf2 Kxf2 49. Rg3 Rxg3 50. hxg3 Rxa2 0-1

[Event "*** SCC Grand Prix: Titled Tuesday Blitz"]
[Site "Chess.com"]
[Date "2020.09.08"]
[Round "5"]
[White "KarstenHansch"]
[Black "KiranManisha"]
[Result "1/2-1/2"]
[WhiteElo "2473"]
[BlackElo "2279"]
[TimeControl "180+1"]
[EndTime "10:57:12 PDT"]
[Termination "Game drawn - insufficient material"]

1. e4 c5 2. Nf3 d6 3. Bb5+ Nd7 4. c3 a6 5. Ba4 Nf6 6. Qe2 b5 7. Bc2 e5 8. d4 Be7 9. O-O O-O 10. Rd1 Bb7 11. dxe5 dxe5 12. Nxe5 Qc7 13. Nxd7 Nxd7 14. Nd2 c4 15. Nf3 Rad8 16. Be3 Nc5 17. Bxc5 Bxc5 18. Rxd8 Rxd8 19. Rd1 Re8 20. Nd4 g6 21.
Kh1 Qf4 22. Qf3 Qxf3 23. gxf3 Kg7 24. Kg2 Kf6 25. Ne2 Bc6 26. Nf4 Ke5 27. Nd5 g5 28. Kg3 Rd8 29. Ne3 Rxd1 30. Nxd1 h5 31. Ne3 f6 32. h3 Bd7 33. Nd5 Be6 34. f4+ gxf4+ 35. Nxf4 h4+ 36. Kf3 Bd7 37. Ng6+ Kd6 38. Nxh4 Bxh3 39. Ng6 Bf1 40. Nf4 Ke5 41. Nd5 Bd3 42.
Bxd3 cxd3 43. Nc7 d2 44. Ke2 Bxf2 45. Kxd2 Kxe4 46. Nxa6 Bb6 47. Nb4 f5 48. Ke2 f4 49.
b3 f3+ 50. Kf1 Bc5 51. Nc6 Kd3 52. a4 bxa4 53. bxa4 Kxc3 54. a5 Kc4 55. a6 Kb5 56.
a7 Bxa7 57. Nxa7+ Kb6 58. Kf2 Kxa7 59. Kxf3 1/2-1/2

[Event "*** SCC Grand Prix: Titled Tuesday Blitz"]
[Site "Chess.com"]
[Date "2020.09.08"]
[Round "5"]
[White "allvim"]
[Black "Grineva_Marianna"]
[Result "1-0"]
[WhiteElo "2368"]
[BlackElo "2214"]
[TimeControl "180+1"]
[EndTime "10:57:13 PDT"]
[Termination "allvim won by checkmate"]

1. e4 d6 2. d4 Nf6 3. Nc3 g6 4. Bc4 Bg7 5. f3 O-O 6. Be3 c6 7. a4 d5 8. Bb3 dxe4 9. fxe4 Ng4 10. Bg5 Qxd4 11. Qxd4 Bxd4 12. Nh3 e5 13. O-O-O Ne3 14.
Bxe3 Bxe3+ 15. Kb1 Na6 16. Rhf1 Nc5 17. Bc4 Be6 18.
Bxe6 Nxe6 19. Nf2 h5 20. Nd3 f6 21. g3 Rad8 22. a5 Kg7 23. Nb4 Bc5 24. Nd3 Bd6 25. Ne2 b6 26. axb6 axb6 27. c3 Nc5 28. Nxc5 Bxc5 29. Kc2 Kf7 30. Nc1 Ke6 31. Nd3 Be7 32.
Ra1 Ra8 33. Kb3 f5 34. exf5+ gxf5 35. Rae1 e4 36. Nf4+ Kf6 37. Nxh5+ Ke5 38. Nf4 Rf6 39. Nd3+ Kd5 40. Nf4+ Kc5 41. Kc2 Rh6 42. h4 Bd6 43.
b4+ Kb5 44. Ne2 Rf8 45. Ra1 Kc4 46. Nd4 Bxg3 47. Nxf5 Rg6 48. Ne3+ Kb5 49. Kb3 Re8 50. c4# 1-0

[Event "*** SCC Grand Prix: Titled Tuesday Blitz"]
[Site "Chess.com"]
[Date "2020.09.08"]
[Round "5"]
[White "RaunakSadhwani2005"]
[Black "1977Ivan"]
[Result "1-0"]
[WhiteElo "2865"]
[BlackElo "2624"]
[TimeControl "180+1"]
[EndTime "10:57:14 PDT"]
[Termination "RaunakSadhwani2005 won on time"]

1. e4 c5 2. Na3 Nc6 3. Bb5 d6 4. Nf3 Bd7 5. O-O Nf6 6. Re1 g6 7. c3 Bg7 8. d4 cxd4 9. cxd4 O-O 10. h3 a6 11. Bf1 Rc8 12. Bg5 h6 13. Bf4 g5 14. Bh2 d5 15. exd5 Nxd5 16. Nc4 Bf5 17. Nce5 e6 18. a3 Nce7 19. Bd3 f6 20. Bxf5 exf5 21.
Nd3 b6 22. Qa4 a5 23. Re6 Qe8 24. Qb3 a4 25. Qa2 Qf7 26. Re2 f4 27. Rae1 Nf5 28. Qb1 Rfe8 29. Nxf4 Nxf4 30. Bxf4 Ne7 31. Bd2 Nd5 32. Qf5 Red8 33. Nh2 h5 34. Nf1 Rc7 35.
Ng3 Ne7 36. Qf3 Rcd7 37. Nxh5 Bh8 38. Ng3 Bg7 39. Bb4 Nd5 40. Nf5 Bf8 41. Bxf8 Qxf8 42. g3 Rh7 43. Kg2 Qf7 44. Re4 Qd7 45. h4 gxh4 46.
Nxh4 Kh8 47. Ng6+ Kg8 48. Rg4 Rg7 49. Rh1 Ne3+ 50. fxe3 1-0

[Event "*** SCC Grand Prix: Titled Tuesday Blitz"]
[Site "Chess.com"]
[Date "2020.09.08"]
[Round "5"]
[White "Larina_Marija"]
[Black "LedakovAlexandr"]
[Result "1-0"]
[WhiteElo "2106"]
[BlackElo "2437"]
[TimeControl "180+1"]
[EndTime "10:57:14 PDT"]
[Termination "Larina_Marija won on time"]

1. e4 Nc6 2. Nf3 d6 3. d4 g6 4.
Be3 Bg7 5. Qd2 Nf6 6. Nc3 Nxe4 7.
Nxe4 f5 8. Nc3 h6 9. Bc4 e6 10.
d5 Ne5 11. Nxe5 dxe5 12. dxe6 Qxd2+ 13. Bxd2 c6 14. a4 Ke7 15. Ke2 Rd8 16. Rhd1 Bxe6 17. Bxe6 Kxe6 18. f3 Rd4 19. Be3 Rb4 20. Rab1 b6 21. g3 g5 22. Bf2 Bf8 23. b3 c5 24.
Na2 Rd4 25. Bxd4 cxd4 26. Kd3 Rc8 27. b4 Kd5 28. Re1 Bd6 29. b5 Rc4 30. Ra1 Rc8 31.
Rab1 Rc4 32. Ra1 h5 33. c3 Rxa4 34. Nb4+ Rxb4 35. cxb4 Bxb4 36. Reb1 e4+ 37. fxe4+ fxe4+ 38. Ke2 d3+ 39. Kd1 Bc5 40. Rxa7 Bg1 41. Rd7+ Ke5 42. Re7+ Kf5 43. Rb4 e3 44. Rbe4 e2+ 45. Rxe2 dxe2+ 46. Kxe2 Kg4 47. Rc7 Kh3 48. Rc2 1-0

[Event "*** SCC Grand Prix: Titled Tuesday Blitz"]
[Site "Chess.com"]
[Date "2020.09.08"]
[Round "5"]
[White "Beltraxtor"]
[Black "Tooweak2slow03"]
[Result "1-0"]
[WhiteElo "2583"]
[BlackElo "2778"]
[TimeControl "180+1"]
[EndTime "10:57:15 PDT"]
[Termination "Beltraxtor won by resignation"]

1. e4 e6 2. d4 d5 3. Nc3 h6 4.
exd5 exd5 5. Bd3 Bd6 6. Nxd5 c6 7. Nc3 Nf6 8. Nf3 O-O 9. O-O Nbd7 10. h3 Nb6 11. Re1 Nbd5 12. Nxd5 Nxd5 13. c3 Bc7 14. Ne5 Be6 15. Qf3 Nf6 16. Bf4 Bd5 17. Qe2 Re8 18. c4 Be6 19. Rad1 Nd7 20. Qe4 Nf6 21.
Qf3 Nd7 22. Bc2 Nxe5 23. dxe5 Qh4 24. Qe4 g6 25. Bg3 Qxe4 26. Rxe4 Bf5 27. Re2 Bxc2 28. Rxc2 Bxe5 29. Bxe5 Rxe5 30. Rd7 Rb8 31. Rcd2 a6 32. Rc7 b5 33. Rxc6 bxc4 34. Rxc4 Reb5 35. b3 h5 36. Kh2 Rb4 37. Rxb4 Rxb4 38. Rd5 Rb6 39. Kg3 Rc6 40. Ra5 Kg7 41. Kf3 Rf6+ 42. Ke3 Re6+ 43. Kd4 Rd6+ 44. Kc4 Rc6+ 45. Kd5 Rf6 46. b4 g5 47. f3 Kg6 48. Kc4 Rc6+ 49. Rc5 Re6 50. g4 h4 51. a4 f6 52. b5 axb5+ 53. axb5 Re1 54. b6 Rc1+ 55. Kd5 Rb1 56. Kc6 Rb3 57.
b7 Kf7 58. Rb5 1-0

[Event "*** SCC Grand Prix: Titled Tuesday Blitz"]
[Site "Chess.com"]
[Date "2020.09.08"]
[Round "5"]
[White "LubovMarkelova"]
[Black "KNCP_719"]
[Result "1/2-1/2"]
[WhiteElo "2230"]
[BlackElo "2564"]
[TimeControl "180+1"]
[EndTime "10:57:15 PDT"]
[Termination "Game drawn - timeout vs insufficient material"]

1. Nf3 d5 2. d4 Nf6 3. c4 c6 4. e3 Bg4 5. h3 Bh5 6. g4 Bg6 7. Ne5 e6 8. Bg2 Nbd7 9. Nxg6 hxg6 10. Qd3 Bd6 11. Nc3 g5 12. a3 Nf8 13. e4 dxe4 14.
Nxe4 Nxe4 15. Bxe4 Qf6 16. Be3 O-O-O 17. O-O-O Bf4 18. d5 exd5 19. cxd5 Ne6 20. Bf5 Rxd5 21. Qe4 Rhd8 22. Bxf4 Rxd1+ 23. Rxd1 Rxd1+ 24. Kxd1 gxf4 25. Qxf4 Qxb2 26. Bxe6+ fxe6 27. Qf8+ Kc7 28. Qe7+ Kb6 29. Qb4+ Qxb4 30. axb4 Kc7 31. h4 Kd6 32. f4 g6 33.
Kd2 b6 34. Kc3 Ke7 35. Kd4 Kf6 36. Ke4 a6 37. Kd4 a5 38. bxa5 bxa5 39. Kc5 e5 40. fxe5+ Kxe5 41. Kc4 Kf4 42. h5 gxh5 43. gxh5 Kg5 44.
Kb3 Kxh5 45. Ka4 Kg5 46. Kxa5 Kf5 47. Kb6 1/2-1/2

[Event "*** SCC Grand Prix: Titled Tuesday Blitz"]
[Site "Chess.com"]
[Date "2020.09.08"]
[Round "5"]
[White "GM_LOADING"]
[Black "Kislov_Oleg"]
[Result "1-0"]
[WhiteElo "2552"]
[BlackElo "2379"]
[TimeControl "180+1"]
[EndTime "10:57:15 PDT"]
[Termination "GM_LOADING won on time"]

1. e4 e6 2. d4 d5 3. Nc3 Nf6 4. Bg5 dxe4 5. Nxe4 Be7 6. Bxf6 gxf6 7. Nf3 b6 8. Bb5+ c6 9. Bc4 Bb7 10. Qe2 Qc7 11.
O-O-O Nd7 12. Ng3 O-O-O 13. Rhe1 Nf8 14. Kb1 Ng6 15. Nh5 Nf4 16. Nxf4 Qxf4 17. Bxe6+ fxe6 18. Qxe6+ Rd7 19. Ne5 fxe5 20. dxe5 Rd8 21. Rxd7 Rxd7 22. Rd1 Bd6 23. Rxd6 Qf7 24. Qg4 Qe7 25. f4 Kc7 26. Rxd7+ Qxd7 27. f5 c5 28. b3 Qd4 29. Qxd4 cxd4 30. g4 Kc6 31. Kc1 Kd5 32. e6 Ke5 33. Kd2 h5 34. h3 h4 35. Ke2 Kf6 36. Kd3 Bg2 37. Kxd4 Bxh3 38. g5+ Ke7 39. Ke5 Bxf5 40. Kxf5 h3 41. g6 h2 42. g7 h1=Q 43. g8=Q Qd5+ 44. Kf4 Qd4+ 45. Kf3 Qc3+ 46. Kg4 Qd4+ 47. Kh5 Qe5+ 48. Kh6 Qh2+ 49. Kg7 Qg3+ 50. Kh8 1-0

[Event "*** SCC Grand Prix: Titled Tuesday Blitz"]
[Site "Chess.com"]
[Date "2020.09.08"]
[Round "5"]
[White "Alexander_Zubov"]
[Black "Shield12"]
[Result "0-1"]
[WhiteElo "2954"]
[BlackElo "2833"]
[TimeControl "180+1"]
[EndTime "10:57:16 PDT"]
[Termination "Shield12 won by resignation"]

1. d4 Nf6 2. Nf3 e6 3. c4 b6 4. a3 Bb7 5. Nc3 Ne4 6. Nxe4 Bxe4 7. Nd2 Bb7 8. e4 d6 9. Bd3 Nd7 10. O-O g6 11. Nf3 h6 12. d5 e5 13. b4 a5 14.
Bd2 axb4 15. axb4 Rxa1 16. Qxa1 Bg7 17. Qa7 Qc8 18. Bc2 O-O 19. Ba4 Nf6 20. Re1 Qa8 21.
Qxa8 Rxa8 22. Bc2 Ra2 23. Bd3 Ra3 24. Bf1 Bc8 25. h3 Bf8 26. c5 dxc5 27. bxc5 Bxc5 28. Nxe5 Ra2 29. Nf3 Bb7 30. Bc4 Rc2 31. Bd3 Ra2 32. Kf1 c6 33. d6 Bc8 34. e5 Nd5 35. Bc4 Rc2 36. Bd3 Ra2 37. Be4 Be6 38. Rc1 g5 39. Ke1 Kf8 40. h4 g4 41. Ng1 h5 42.
Ne2 Ke8 43. f4 gxf3 44. gxf3 Kd7 45. f4 Bg4 46. Ng3 Rxd2 47. Kxd2 Be3+ 48. Kd3 Bxc1 49. Bxd5 cxd5 50. Kd4 Bxf4 0-1

[Event "*** SCC Grand Prix: Titled Tuesday Blitz"]
[Site "Chess.com"]
[Date "2020.09.08"]
[Round "5"]
[White "Jumbo"]
[Black "FlamingPhoenix123"]
[Result "1/2-1/2"]
[WhiteElo "2761"]
[BlackElo "2568"]
[TimeControl "180+1"]
[EndTime "10:57:16 PDT"]
[Termination "Game drawn - insufficient material"]

1. e4 c5 2. Nf3 d6 3. Bc4 Nc6 4. c3 Nf6 5. d3 Bg4 6. h3 Bh5 7. Bf4 e6 8. Nbd2 Be7 9. Bb3 O-O 10. O-O a6 11. Re1 b5 12. Qe2 d5 13.
e5 Nd7 14. Qe3 Bg6 15. d4 Rc8 16. h4 Na5 17. Bg5 Nc4 18. Nxc4 dxc4 19. Bd1 Nb6 20. dxc5 Nd5 21. Qd4 h6 22. Bxe7 Qxe7 23. a4 Qxc5 24. axb5 axb5 25. Ra5 Rfd8 26. Qxc5 Rxc5 27. Nd4 Nf4 28. Be2 Rxe5 29. Rxb5 Rxb5 30. Nxb5 Rb8 31. Bxc4 Bd3 32. Nd6 Rxb2 33. Re3 Bxc4 34. Nxc4 Rc2 35.
Ne5 Rxc3 36. Rxc3 Ne2+ 37. Kf1 Nxc3 38. g3 Nd5 39. Kg2 h5 40. Nc6 f6 41. Kf3 Kf7 42.
Nd8+ Ke7 43. Nc6+ Kd6 44. Nd4 g6 45. Ke4 e5 46. Nb5+ Ke6 47. Na3 f5+ 48. Kf3 e4+ 49. Ke2 f4 50. Nc4 Kf5 51. Nd6+ Ke5 52. Nf7+ Kf6 53. Nd6 Ke5 54. Nf7+ Ke6 55. Ng5+ Kf5 56. Nf7 f3+ 57. Kf1 e3 58. fxe3 Kf6 59. Ng5 Nxe3+ 60. Kf2 Ng4+ 61. Kxf3 Ne5+ 62. Kf4 Nd3+ 63. Ke4 Nc5+ 64.
Kd5 Nd3 65. Ke4 Nf2+ 66. Kf3 Ng4 67. Ne4+ Kf5 68. Nd6+ Ke6 69. Nc4 Kd5 70. Ne3+ Nxe3 71. Kxe3 Ke5 72. Kf3 Kf5 73. Kf2 Kg4 74. Kg2 g5 75. hxg5 Kxg5 76. Kh3 Kg6 77. g4 Kh6 78.
gxh5 Kxh5 1/2-1/2

[Event "*** SCC Grand Prix: Titled Tuesday Blitz"]
[Site "Chess.com"]
[Date "2020.09.08"]
[Round "5"]
[White "Olga_Girya"]
[Black "ShapkinAnatoliy"]
[Result "0-1"]
[WhiteElo "2494"]
[BlackElo "2665"]
[TimeControl "180+1"]
[EndTime "10:57:16 PDT"]
[Termination "ShapkinAnatoliy won by resignation"]

1. d4 Nf6 2. Nf3 g6 3. Bg5 Bg7 4. Nbd2 d5 5. Bxf6 Bxf6 6. e4 dxe4 7. Nxe4 Bg7 8. Bc4 O-O 9. c3 Nd7 10. O-O e5 11. dxe5 Nxe5 12. Nxe5 Bxe5 13. Qxd8 Rxd8 14. Ng5 Rf8 15. Rfe1 Bf6 16. Ne4 Be7 17. Rad1 Kg7 18. h3 Rd8 19. Rxd8 Bxd8 20. Nc5 Kf8 21. Rd1 Be7 22.
Nd7+ Kg7 23. Ne5 f6 24. Nf3 c5 25. Re1 Kf8 26. Bg8 Bd6 27. Bd5 Rb8 28. Nd2 Bd7 29.
Ne4 Be7 30. c4 b5 31. b3 b4 32. g4 a5 33. Rd1 a4 34. bxa4 Bxa4 35. Rb1 Bd7 36. a3 f5 37. gxf5 Bxf5 38. axb4 cxb4 39. c5 Bxc5 40. Nxc5 Bxb1 41. Nd7+ Ke7 42. Nxb8 Kd6 43.
Bb3 Bd3 44. f4 Kc7 45. Kf2 Kxb8 46. Ke3 Bf5 47. h4 Kc7 48. Kd4 Kd6 49. Bg8 h6 50. Kc4 Be6+ 51. Bxe6 Kxe6 52. Kxb4 Kf5 53. Kc5 Kxf4 54.
Kd4 Kg4 0-1

[Event "*** SCC Grand Prix: Titled Tuesday Blitz"]
[Site "Chess.com"]
[Date "2020.09.08"]
[Round "5"]
[White "azikom"]
[Black "valeriocarnicelli"]
[Result "1-0"]
[WhiteElo "2640"]
[BlackElo "2472"]
[TimeControl "180+1"]
[EndTime "10:57:17 PDT"]
[Termination "azikom won by resignation"]

1. d4 Nf6 2. Nc3 d5 3. Bg5 c6 4. e3 Qb6 5. Rb1 Nbd7 6. Nf3 e6 7. Bd3 h6 8. Bh4 Bd6 9. O-O Qc7 10. Bg3 O-O 11. Ne2 c5 12. c4 Bxg3 13. hxg3 cxd4 14. Nexd4 dxc4 15. Rc1 Nb6 16. b3 c3 17. Nb5 Qe7 18. Nxc3 Bd7 19. Qe2 Rac8 20. Rfd1 Rfd8 21. Nd4 a6 22.
Qf3 Nbd5 23. Nxd5 Nxd5 24. Qe4 g6 25. Qe5 Be8 26. Bc4 Qf6 27. Qxf6 Nxf6 28. f3 e5 29. Ne2 Bc6 30. e4 Kf8 31. Kf2 Ke7 32. Ke3 Rxd1 33. Rxd1 Ne8 34. g4 Nd6 35. Bd3 Bb5 36. Rh1 Rh8 37. a4 Bxd3 38. Kxd3 Ke6 39. Nc3 Nc8 40. Nd5 Ne7 41. Ne3 Rd8+ 42. Kc3 Rh8 43. Nc4 Rc8 44. a5 Nc6 45. Kb2 Rh8 46. Kc3 f6 47.
b4 Nd4 48. Ne3 Rc8+ 49. Kd3 Nc6 50. Nd5 Rd8 51. Kc4 Rh8 52. Kc5 Ne7 53. Nxe7 Kxe7 54.
Kb6 Ke6 55. Kxb7 1-0